[Event "Early Titled Tuesday Blitz | February 8 2022"]
[White "Goryachkina, Aleksandra"]
[Black "Lucas, Arthur"]
[WhiteFideId "4147103"]
[BlackFideId "26093073"]
[WhiteElo "2426"]
[BlackElo "2129"]
[Result "1-0"]
[Round "05"]
[TimeControl "180+1"]
[Date "2022.02.08"]
[WhiteClock "0:00:37"]
[BlackClock "0:00:18"]

1. e4 c5 2. Nf3 e6 3. c3 Nf6 4. e5 Nd5 5. Bc4 Nb6 6. Bb3 c4 7. Bc2 d6 8. O-O Nc6 9. exd6 Bxd6 10. d3 cxd3 11. Qxd3 Be7 12. Qe4 Qd5 13. Qg4 g6 14. Rd1 Qh5 15. Qxh5 gxh5 16. Nbd2 Bd7 17. Ne4 O-O-O 18. Bg5 Rdf8 19. Bxe7 Nxe7 20. Nf6 Bc6 21. Ne5 h4 22. Nxh7 Rfg8 23. Nxc6 Nxc6 24. Nf6 Rg7 25. h3 Rh6 26. Ng4 Rh8 27. Nf6 Rh6 28. Ne8 Rg5 29. Nd6+ Kc7 30. Nxf7 Rhh5 31. Nxg5 Rxg5 32. Kf1 Nc4 33. b3 N4e5 34. Be4 Ne7 35. Re1 Ng8 36. f4 1-0


[Site "https://www.chess.com"]

[Event "Early Titled Tuesday Blitz | February 8 2022"]
[White "Gracia Alvarez, Gerardo Antonio"]
[Black "Kostiukov, Alexandr"]
[WhiteFideId "5109124"]
[BlackFideId "14108100"]
[WhiteElo "2139"]
[BlackElo "2202"]
[Result "1-0"]
[Round "05"]
[TimeControl "180+1"]
[Date "2022.02.08"]
[WhiteClock "0:01:00"]
[BlackClock "0:00:04"]

1. e4 c5 2. Be2 g6 3. d3 Bg7 4. f4 Nc6 5. Nf3 d5 6. O-O Nf6 7. e5 Ng4 8. h3 Nh6 9. c3 d4 10. Nbd2 O-O 11. Ne4 b6 12. Bd2 f6 13. exf6 exf6 14. c4 Nf5 15. Qc1 Re8 16. Re1 Ne3 17. Bf1 f5 18. Nf2 Bb7 19. Rb1 a5 20. Bxe3 dxe3 21. Rxe3 Rxe3 22. Qxe3 Nd4 23. Ne5 Qc7 24. a3 Re8 25. b4 axb4 26. axb4 Nc2 27. Qg3 Nxb4 28. Re1 Nc2 29. Re2 Nd4 30. Re1 Nc6 31. d4 Nxd4 32. Nfd3 Nc6 33. h4 Nxe5 34. Nxe5 Qd6 35. h5 Bxe5 36. fxe5 Qe6 37. hxg6 hxg6 38. Rd1 Qxe5 39. Qxg6+ Kf8 40. Rd7 1-0


[Site "https://www.chess.com"]

[Event "Early Titled Tuesday Blitz | February 8 2022"]
[White "Guliev, Logman"]
[Black "Lorparizangeneh, Shahin"]
[WhiteFideId "13400061"]
[BlackFideId "12521604"]
[WhiteElo "2128"]
[BlackElo "2525"]
[Result "0-1"]
[Round "05"]
[TimeControl "180+1"]
[Date "2022.02.08"]
[WhiteClock "0:00:01"]
[BlackClock "0:01:00"]

1. e4 e5 2. Nf3 Nc6 3. Bb5 a6 4. Ba4 Nf6 5. O-O Be7 6. Re1 b5 7. Bb3 d6 8. c3 O-O 9. h3 Nb8 10. d4 Nbd7 11. Nbd2 Bb7 12. Bc2 Re8 13. Nf1 Bf8 14. Ng3 g6 15. a4 Nb6 16. a5 Nbd7 17. b4 c5 18. dxc5 dxc5 19. Bg5 h6 20. Bd2 Rc8 21. Bb3 Nb8 22. Qc1 cxb4 23. Qb2 bxc3 24. Bxc3 Bg7 25. Rad1 Nfd7 26. Rd6 Qc7 27. Bb4 Nf8 28. Red1 Nc6 29. Bc5 Nxa5 30. Bb6 Nc4 31. Bxc4 Qxc4 32. Nh4 Bxe4 33. Nxe4 Qxe4 34. Nf3 Qb7 35. Qa2 Re6 36. Ba5 Rxd6 37. Rxd6 e4 38. Nd4 Rc1+ 39. Kh2 Be5+ 0-1


[Site "https://www.chess.com"]

[Event "Early Titled Tuesday Blitz | February 8 2022"]
[White "Gunina, Valentina"]
[Black "Przybylski, Wojciech"]
[WhiteFideId "4167570"]
[BlackFideId "1117599"]
[WhiteElo "2465"]
[BlackElo "2133"]
[Result "1-0"]
[Round "05"]
[TimeControl "180+1"]
[Date "2022.02.08"]
[WhiteClock "0:00:38"]
[BlackClock "0:00:01"]

1. d4 Nf6 2. c4 e6 3. Nf3 b6 4. g3 Ba6 5. b3 Be7 6. Bg2 O-O 7. O-O d5 8. Ne5 c6 9. Nc3 Nfd7 10. Bf4 Nxe5 11. Bxe5 Nd7 12. Bf4 Rc8 13. cxd5 cxd5 14. Rc1 Bb4 15. Nb1 Rxc1 16. Bxc1 Qc7 17. Bd2 Bd6 18. Re1 Nf6 19. Nc3 Rc8 20. a4 Qd7 21. e3 Bb4 22. Ne4 dxe4 23. Bxb4 Bd3 24. Qa1 Nd5 25. Ba3 Rc2 26. Rc1 Qc6 27. h4 f5 28. a5 Qb5 29. axb6 axb6 30. Bd6 Qc6 31. Rxc2 Bxc2 32. Be5 Bxb3 33. Qa7 Nf6 34. Bxf6 gxf6 35. h5 Qe8 36. h6 Qf7 37. Qb8+ Qf8 38. Qxb6 Bd5 39. g4 Qxh6 40. gxf5 1-0


[Site "https://www.chess.com"]

[Event "Early Titled Tuesday Blitz | February 8 2022"]
[White "Haddouche, Mohamed"]
[Black "Ozen, Deniz"]
[WhiteFideId "7900660"]
[BlackFideId "6349196"]
[WhiteElo "2443"]
[BlackElo "2326"]
[Result "0-1"]
[Round "05"]
[TimeControl "180+1"]
[Date "2022.02.08"]
[WhiteClock "0:00:01"]
[BlackClock "0:00:04"]

1. e4 e5 2. Nf3 Nf6 3. Nxe5 d5 4. d4 Nxe4 5. Bd3 Nd7 6. Nf3 Bd6 7. O-O O-O 8. c4 c6 9. Nc3 Ndf6 10. h3 Bf5 11. Qb3 Nd2 12. Nxd2 Bxd3 13. Re1 dxc4 14. Nxc4 Bxc4 15. Qxc4 h6 16. Be3 Bc7 17. Rad1 Rc8 18. Qb3 Bb6 19. d5 Bxe3 20. Rxe3 cxd5 21. Nxd5 Nxd5 22. Rxd5 Rc1+ 23. Kh2 Qc7+ 24. g3 Qc6 25. Rf3 Re8 26. Rxf7 Kh8 27. Qf3 Qg6 28. Rdd7 Rg8 29. Rxb7 a5 30. a4 Re1 31. h4 Rb1 32. h5 Qe6 33. b3 Qe1 34. Kh3 Qf1+ 35. Kh2 Qg1+ 36. Kh3 Qf1+ 37. Qg2 Qd1 38. Qe4 Qxh5+ 39. Qh4 Rh1+ 40. Kg2 Rxh4 41. Rxg7 Rxg7 42. Rb8+ Rg8 43. Rb7 Rh2+ 44. Kg1 Qh3 0-1


[Site "https://www.chess.com"]

[Event "Early Titled Tuesday Blitz | February 8 2022"]
[White "Hamley, Ryan"]
[Black "Avila Pavas, Santiago"]
[WhiteFideId "30959497"]
[BlackFideId "4437128"]
[WhiteElo "2484"]
[BlackElo "2242"]
[Result "0-1"]
[Round "05"]
[TimeControl "180+1"]
[Date "2022.02.08"]
[WhiteClock "0:00:03"]
[BlackClock "0:01:17"]

1. d4 Nf6 2. c4 c5 3. d5 b5 4. cxb5 a6 5. bxa6 g6 6. Nc3 Bg7 7. e4 O-O 8. Nf3 Qa5 9. Bd2 Bxa6 10. Bxa6 Qxa6 11. Qe2 e6 12. Qxa6 Nxa6 13. O-O-O exd5 14. exd5 Nb4 15. Be3 Ng4 16. a3 Nxe3 17. fxe3 Na6 18. Kc2 Nc7 19. Rhe1 Rfb8 20. e4 Nb5 21. Nxb5 Rxb5 22. Rb1 d6 23. Nd2 Ra4 24. Re2 Be5 25. h3 Rb8 26. b3 Rxa3 27. Nc4 Ra2+ 28. Kd3 Ra1 29. Rxa1 Rxb3+ 30. Kc2 Rc3+ 31. Kd2 Rxc4 32. Ra8+ Kg7 33. Ra3 Rb4 34. Kc2 Rb2+ 35. Kd1 Rb1+ 36. Kc2 Rb4 37. g4 h6 38. Rf3 Rd4 39. Ref2 f6 40. Re2 Rb4 41. Rb3 Ra4 42. Rb7+ Kf8 43. Rb3 Ra2+ 44. Kd1 Ra1+ 45. Kc2 Ra2+ 46. Kd1 Ra4 47. Rb7 h5 48. gxh5 gxh5 49. Rh7 Ra1+ 50. Kd2 c4 51. Rc7 c3+ 52. Kd3 Rd1+ 53. Kc2 Ra1 54. Rg2 Ra2+ 55. Kd3 Rxg2 0-1


[Site "https://www.chess.com"]

[Event "Early Titled Tuesday Blitz | February 8 2022"]
[White "Dronavalli, Harika"]
[Black "Jain Kashish Manoj"]
[WhiteFideId "5015197"]
[BlackFideId "35081098"]
[WhiteElo "2382"]
[BlackElo "1681"]
[Result "1-0"]
[Round "05"]
[TimeControl "180+1"]
[Date "2022.02.08"]
[WhiteClock "0:00:52"]
[BlackClock "0:00:02"]

1. d4 Nf6 2. c4 g6 3. g3 Bg7 4. Bg2 O-O 5. Nc3 d6 6. Nf3 Nc6 7. O-O a6 8. b3 Rb8 9. Bb2 b5 10. cxb5 axb5 11. Rc1 b4 12. Na4 Na5 13. Nd2 Bd7 14. e4 Bxa4 15. bxa4 c6 16. Nb3 d5 17. e5 Nd7 18. e6 Nc4 19. Ba1 fxe6 20. Qe2 Rf6 21. f4 Qc7 22. Bh3 Qd6 23. Rfe1 Kh8 24. Bxe6 Rbf8 25. Bxd7 Qxd7 26. Nc5 Qh3 27. Qg2 1-0


[Site "https://www.chess.com"]

[Event "Early Titled Tuesday Blitz | February 8 2022"]
[White "Haukenfrers, Dale"]
[Black "Manon-og, Ramon Jr."]
[WhiteFideId "2603780"]
[BlackFideId "5200776"]
[WhiteElo "1994"]
[BlackElo "2356"]
[Result "0-1"]
[Round "05"]
[TimeControl "180+1"]
[Date "2022.02.08"]
[WhiteClock "0:00:12"]
[BlackClock "0:00:21"]

1. e3 Nf6 2. c3 g6 3. h3 Bg7 4. d3 O-O 5. g4 d5 6. Bg2 c5 7. g5 Ne8 8. h4 Nc6 9. Ne2 d4 10. cxd4 cxd4 11. e4 e5 12. O-O Bg4 13. f3 Be6 14. Na3 f5 15. gxf6 Nxf6 16. Bg5 Qd7 17. Rc1 Nh5 18. Qa4 Rf7 19. Nc4 Raf8 20. a3 h6 21. Bd2 Bh3 22. Qb5 Kh7 23. Qd5 Bxg2 24. Kxg2 Qe7 25. Be1 Rf4 26. Ng3 Rxh4 27. Nxh5 Rxh5 28. Qd6 Qg5+ 29. Bg3 Rf6 30. Qd7 b5 31. Nd6 Qd2+ 32. Bf2 Rg5+ 33. Kh1 Rxf3 34. Rxc6 Rxf2 35. Rxf2 Qe1+ 36. Kh2 Qg1+ 37. Kh3 Qg3# 0-1


[Site "https://www.chess.com"]

[Event "Early Titled Tuesday Blitz | February 8 2022"]
[White "Hess, Robert"]
[Black "Nazari, Arad"]
[WhiteFideId "2022036"]
[BlackFideId "12577324"]
[WhiteElo "2557"]
[BlackElo "2120"]
[Result "1-0"]
[Round "05"]
[TimeControl "180+1"]
[Date "2022.02.08"]
[WhiteClock "0:00:04"]
[BlackClock "0:00:02"]

1. b3 Nf6 2. Bb2 g6 3. d3 Bg7 4. Nd2 O-O 5. e3 d5 6. Ne2 c5 7. h3 Nc6 8. g4 e5 9. Bg2 Be6 10. a3 d4 11. Bxc6 bxc6 12. e4 h5 13. f3 Nh7 14. Kf2 Qh4+ 15. Kg2 f5 16. Qe1 Qxe1 17. Raxe1 fxg4 18. hxg4 hxg4 19. Ref1 Ng5 20. f4 Nh3 21. fxe5 Bxe5 22. a4 g5 23. Ba3 Nf4+ 24. Nxf4 gxf4 25. Bxc5 f3+ 26. Kg1 Bf4 27. Bxd4 Bxd2 28. Rf2 Bf4 29. Rh8+ Kf7 30. Rh7+ Ke8 31. Bc5 Bf7 32. Bxf8 Kxf8 33. Rh4 Be6 34. Rh8+ Bg8 35. Rh4 Be3 36. Rxg4 Bxf2+ 37. Kxf2 Ke7 38. Kxf3 Be6 39. Rg7+ Kd6 40. Ke3 Bd7 41. d4 Re8 42. Kd3 a6 43. c4 Kc7 44. e5 Kc8 45. Rg5 Rh8 46. d5 cxd5 47. cxd5 Bh3 48. Kd4 Kb7 49. Rg7+ Kb6 50. Rg6+ Ka5 51. Kc5 Rb8 52. b4+ Kxa4 53. Rxa6+ Kb3 54. Rb6 Rc8+ 55. Rc6 Re8 56. e6 Bg2 57. b5 Rd8 58. d6 Bh3 59. e7 Re8 60. Rc7 Ka4 61. b6 Ka5 62. Ra7# 1-0


[Site "https://www.chess.com"]

[Event "Early Titled Tuesday Blitz | February 8 2022"]
[White "Howell, David W L"]
[Black "Guliyev, Namig"]
[WhiteFideId "410608"]
[BlackFideId "13400363"]
[WhiteElo "2559"]
[BlackElo "2487"]
[Result "0-1"]
[Round "05"]
[TimeControl "180+1"]
[Date "2022.02.08"]
[WhiteClock "0:01:05"]
[BlackClock "0:00:13"]

1. e4 e5 2. Bc4 Nf6 3. d3 c6 4. Nf3 d5 5. Bb3 Bb4+ 6. Bd2 Bxd2+ 7. Qxd2 O-O 8. Nxe5 Qe7 9. f4 dxe4 10. d4 Be6 11. Nc3 Nbd7 12. O-O-O Bxb3 13. axb3 a5 14. Rhe1 Nb6 15. Na4 Nxa4 16. bxa4 Rfd8 17. g4 Ne8 18. g5 Nd6 19. c4 f6 20. gxf6 gxf6 21. Qg2+ Kh8 22. c5 fxe5 23. cxd6 Qxd6 24. dxe5 Qc5+ 25. Qc2 Rxd1+ 26. Rxd1 Qe3+ 27. Qd2 Qc5+ 28. Qc2 Qe3+ 29. Qd2 Qc5+ 30. Kb1 e3 31. Qd3 Rf8 32. Qxe3 Qxe3 0-1


[Site "https://www.chess.com"]

[Event "Early Titled Tuesday Blitz | February 8 2022"]
[White "Idrisov, Ildar F"]
[Black "Schut, Han"]
[WhiteFideId "4151020"]
[BlackFideId "1005561"]
[WhiteElo "2209"]
[BlackElo "2057"]
[Result "1-0"]
[Round "05"]
[TimeControl "180+1"]
[Date "2022.02.08"]
[WhiteClock "0:01:06"]
[BlackClock "0:01:34"]

1. Nf3 Nf6 2. b3 g6 3. Bb2 Bg7 4. c4 O-O 5. g3 c5 6. Bg2 Nc6 7. O-O d5 8. cxd5 Nxd5 9. Bxg7 Kxg7 10. Qc1 e5 11. Qxc5 Be6 12. Nc3 Rc8 13. Nxd5 Nd4 14. Qe7 Nxe2+ 15. Kh1 Qxd5 16. Ng5 Qd7 17. Nxe6+ Qxe6 18. Qxe6 fxe6 19. Bxb7 Rc2 20. d3 Rd8 21. Be4 Nc3 22. Rac1 Rxc1 23. Rxc1 Nxa2 24. Rc7+ Kf6 25. Rxh7 a5 26. Ra7 Nc1 27. Rxa5 Nxb3 28. Ra8 Nc5 29. Rxd8 1-0


[Site "https://www.chess.com"]

[Event "Early Titled Tuesday Blitz | February 8 2022"]
[White "Iljushina, Olga"]
[Black "Allahverdiyeva, Ayan"]
[WhiteFideId "4152280"]
[BlackFideId "13412590"]
[WhiteElo "1937"]
[BlackElo "1910"]
[Result "0-1"]
[Round "05"]
[TimeControl "180+1"]
[Date "2022.02.08"]
[WhiteClock "0:00:08"]
[BlackClock "0:01:25"]

1. d4 Nf6 2. c4 g6 3. Nc3 Bg7 4. Bf4 d6 5. Nf3 O-O 6. h3 Nbd7 7. e3 Re8 8. Be2 b6 9. O-O Bb7 10. b4 e5 11. Bh2 c5 12. bxc5 bxc5 13. Nb5 cxd4 14. Nxd6 Qb6 15. Nxe8 Rxe8 16. Rb1 Qc6 17. exd4 exd4 18. Re1 Ne4 19. Qb3 Ndc5 20. Qb5 Qc8 21. Nxd4 Bxd4 22. Bf3 Bxf2+ 23. Kh1 Bxe1 24. Bxe4 Rxe4 25. Bg1 Re5 26. Bxc5 Qxh3+ 27. Kg1 Qxg2# 0-1


[Site "https://www.chess.com"]

[Event "Early Titled Tuesday Blitz | February 8 2022"]
[White "Indjic, Aleksandar"]
[Black "Barp, Alberto"]
[WhiteFideId "911925"]
[BlackFideId "872555"]
[WhiteElo "2616"]
[BlackElo "2229"]
[Result "0-1"]
[Round "05"]
[TimeControl "180+1"]
[Date "2022.02.08"]
[WhiteClock "0:00:01"]
[BlackClock "0:00:04"]

1. e4 c6 2. d4 d5 3. e5 Bf5 4. h4 h5 5. Bd3 Bxd3 6. Qxd3 Qa5+ 7. b4 Qa6 8. Qb3 e6 9. Nf3 Qb6 10. Bd2 Ne7 11. Nc3 Nf5 12. Ne2 Nd7 13. a4 a6 14. g3 Be7 15. Kf1 Qc7 16. a5 Nf8 17. Nf4 Qd7 18. Kg2 Ng6 19. Nd3 f6 20. Rae1 O-O 21. c3 Rae8 22. Qd1 Bd8 23. Qe2 Qf7 24. Reg1 Bc7 25. Kf1 fxe5 26. dxe5 Bd8 27. Ke1 Nh6 28. Nd4 Ng4 29. f3 Nh6 30. Bxh6 gxh6 31. f4 Bc7 32. Qxh5 Nxe5 33. Qxf7+ Nxf7 34. Kd2 e5 35. Nf5 e4 36. Nc5 Ne5 37. Nxh6+ Kh7 38. fxe5 Kxh6 39. Nxb7 Rf2+ 40. Kc1 Bxe5 41. Rf1 Ref8 42. Rxf2 Rxf2 43. Nd8 Bxc3 44. Nxc6 e3 45. b5 e2 46. Kc2 e1=Q+ 0-1


[Site "https://www.chess.com"]

[Event "Early Titled Tuesday Blitz | February 8 2022"]
[White "Iskusnyh, Sergei"]
[Black "Ljukin, Sergei"]
[WhiteFideId "4120027"]
[BlackFideId "14102200"]
[WhiteElo "2492"]
[BlackElo "2312"]
[Result "1-0"]
[Round "05"]
[TimeControl "180+1"]
[Date "2022.02.08"]
[WhiteClock "0:00:43"]
[BlackClock "0:00:53"]

1. d4 d5 2. c4 c6 3. Nf3 Nf6 4. e3 e6 5. Bd3 dxc4 6. Bxc4 b5 7. Be2 a6 8. O-O Bb7 9. Nc3 Nbd7 10. e4 c5 11. d5 exd5 12. e5 Ne4 13. Nxd5 Nxe5 14. Nxe5 Qxd5 15. Qxd5 Bxd5 16. Rd1 Rd8 17. a4 c4 18. Be3 Bc5 19. Bxc5 Nxc5 20. axb5 axb5 21. Ra5 O-O 22. Rxb5 Nd3 23. Nxd3 cxd3 24. Rxd3 Be4 25. Rxd8 Rxd8 26. f3 Bg6 27. Kf2 Kf8 28. Ke3 Re8+ 29. Kd2 Rd8+ 30. Kc3 Re8 31. Bc4 Re1 32. Rb7 Rg1 33. g4 h5 34. gxh5 Bxh5 35. b4 Rc1+ 36. Kd4 Rd1+ 37. Ke3 Rc1 38. Bd5 Rc3+ 39. Kd4 Rc2 40. b5 Rd2+ 41. Kc4 Rxd5 42. Rb8+ Ke7 43. Kxd5 Bxf3+ 44. Ke5 1-0


[Site "https://www.chess.com"]

[Event "Early Titled Tuesday Blitz | February 8 2022"]
[White "Izoria, Zviad"]
[Black "Agibileg, Uurtsaikh"]
[WhiteFideId "13601733"]
[BlackFideId "4901606"]
[WhiteElo "2626"]
[BlackElo "2205"]
[Result "0-1"]
[Round "05"]
[TimeControl "180+1"]
[Date "2022.02.08"]
[WhiteClock "0:00:05"]
[BlackClock "0:00:14"]

1. Nf3 Nf6 2. c4 g6 3. g3 Bg7 4. Bg2 O-O 5. O-O c5 6. Nc3 Nc6 7. d4 d6 8. dxc5 dxc5 9. Bf4 Nd7 10. Qc1 Nd4 11. Nxd4 cxd4 12. Nd5 e6 13. Bc7 Qe8 14. Nf4 Qe7 15. Nd3 Nc5 16. Ba5 Re8 17. Qd2 Rb8 18. Nxc5 Qxc5 19. Rac1 e5 20. Bb4 Qc7 21. Rfd1 e4 22. Qf4 Qxf4 23. gxf4 Bg4 24. Rd2 e3 25. fxe3 dxe3 26. Rdc2 Bf5 27. Bd6 Rbd8 28. c5 Bxc2 29. Rxc2 b6 30. Bc6 Re6 31. Bd5 Rf6 32. Bf3 bxc5 33. Bxc5 Rc8 34. b4 Re6 35. f5 gxf5 36. Rc4 Bf8 0-1


[Site "https://www.chess.com"]

[Event "Early Titled Tuesday Blitz | February 8 2022"]
[White "Jaferian, Koosha"]
[Black "Cunjalo, Faris"]
[WhiteFideId "12507440"]
[BlackFideId "14410710"]
[WhiteElo "2027"]
[BlackElo "2263"]
[Result "0-1"]
[Round "05"]
[TimeControl "180+1"]
[Date "2022.02.08"]
[WhiteClock "0:00:08"]
[BlackClock "0:00:48"]

1. e4 c6 2. d4 d5 3. exd5 cxd5 4. Bd3 Nc6 5. c3 Nf6 6. Bf4 Bg4 7. Qb3 Qd7 8. Nd2 e6 9. Ngf3 Bd6 10. Bxd6 Qxd6 11. O-O O-O 12. Rae1 Ne7 13. Ne5 Bf5 14. Bxf5 Nxf5 15. g4 Ne7 16. f4 b5 17. Re3 Rab8 18. Rh3 b4 19. Qc2 bxc3 20. bxc3 Ng6 21. g5 Nd7 22. Qd1 Rfc8 23. Qh5 Ndf8 24. Nxg6 fxg6 25. Qe2 Rb2 26. Qe3 Rxa2 27. Nf3 Qa3 28. Ne5 Qb2 29. Rf2 Qxf2+ 30. Qxf2 Rxf2 31. Kxf2 a5 32. Re3 a4 33. h4 a3 34. c4 Ra8 35. Re1 dxc4 36. Nxc4 a2 37. Ra1 Nd7 38. Nd6 Nb6 39. Nb5 Nd5 40. Kf3 Ra5 41. Nd6 Ra3+ 42. Kf2 Nb4 43. Nb5 Nc2 44. Nxa3 Nxa1 45. Ke3 Nb3 46. Nc2 a1=Q 47. Nxa1 Nxa1 48. Ke4 Nb3 49. d5 exd5+ 50. Kxd5 Kf7 51. Ke5 Nc5 52. f5 gxf5 53. Kxf5 g6+ 54. Kf4 Ke6 55. Kg4 Ke5 56. h5 Ke4 57. hxg6 hxg6 0-1


[Site "https://www.chess.com"]

[Event "Early Titled Tuesday Blitz | February 8 2022"]
[White "Jain, Naveen"]
[Black "Oro, Luis"]
[WhiteFideId "5003970"]
[BlackFideId "104094"]
[WhiteElo "2036"]
[BlackElo "2258"]
[Result "1-0"]
[Round "05"]
[TimeControl "180+1"]
[Date "2022.02.08"]
[WhiteClock "0:00:06"]
[BlackClock "0:00:02"]

1. c4 Nf6 2. g3 g6 3. Bg2 Bg7 4. Nc3 O-O 5. Nf3 d6 6. O-O Nbd7 7. d3 e5 8. Rb1 a5 9. a3 Ne8 10. b4 axb4 11. axb4 f5 12. Bg5 Bf6 13. Bxf6 Qxf6 14. Qd2 Kg7 15. Nd5 Qd8 16. b5 h6 17. Ra1 Rxa1 18. Rxa1 c6 19. bxc6 bxc6 20. Nb4 Qc7 21. Qe3 Nef6 22. Ra7 Bb7 23. Ne1 Qc8 24. d4 e4 25. Qf4 Qc7 26. c5 Ne8 27. cxd6 Nxd6 28. Na6 Qb6 29. Qxd6 Qxa7 30. Nc7 Rf7 31. Ne8+ Kg8 32. Qxg6+ Kf8 33. Nd6 Re7 34. Qxh6+ Kg8 35. Nxf5 Rh7 36. Qe6+ Kf8 37. Bxe4 Qa1 38. Kf1 Qa3 39. Nd6 Re7 40. Qh6+ Kg8 41. Qg5+ Rg7 42. Qd8+ Nf8 43. Nf5 Rf7 44. Nh6+ Kg7 45. Qg5+ Kh8 46. Nxf7# 1-0


[Site "https://www.chess.com"]

[Event "Early Titled Tuesday Blitz | February 8 2022"]
[White "Jaivardhan Raj"]
[Black "Kett, Tim"]
[WhiteFideId "25744437"]
[BlackFideId "1801210"]
[WhiteElo "1375"]
[BlackElo "2098"]
[Result "1-0"]
[Round "05"]
[TimeControl "180+1"]
[Date "2022.02.08"]
[WhiteClock "0:00:19"]
[BlackClock "0:00:03"]

1. e4 e5 2. d4 exd4 3. Qxd4 Nc6 4. Qe3 Nf6 5. Nc3 Bb4 6. Bd2 O-O 7. O-O-O Re8 8. f3 d5 9. Qf2 d4 10. Nb5 Bxd2+ 11. Rxd2 Be6 12. Nxd4 Nxd4 13. Qxd4 Qe7 14. Qa4 c6 15. Bd3 a5 16. Qd4 Red8 17. Qc3 b5 18. Ne2 b4 19. Qe5 Nd7 20. Qg3 Nc5 21. Nf4 b3 22. axb3 a4 23. b4 a3 24. b3 a2 25. Kb2 Qf6+ 26. c3 a1=Q+ 27. Rxa1 Rxa1 28. Nh5 Ra2+ 29. Kb1 Ra1+ 30. Kb2 Qh6 31. Kxa1 Nxd3 32. Kb1 g6 33. Rxd3 1-0


[Site "https://www.chess.com"]

[Event "Early Titled Tuesday Blitz | February 8 2022"]
[White "Jarocka, Liwia"]
[Black "Van den Dikkenberg, Erik"]
[WhiteFideId "21807558"]
[BlackFideId "1005880"]
[WhiteElo "1896"]
[BlackElo "2118"]
[Result "1-0"]
[Round "05"]
[TimeControl "180+1"]
[Date "2022.02.08"]
[WhiteClock "0:00:20"]
[BlackClock "0:00:10"]

1. Nf3 c5 2. e4 d6 3. d4 cxd4 4. Nxd4 Nf6 5. Nc3 a6 6. Be3 Ng4 7. Bc1 Nc6 8. f3 Nf6 9. Be3 g6 10. Qd2 Bg7 11. O-O-O O-O 12. Bc4 Bd7 13. Bb3 b5 14. a4 bxa4 15. Bxa4 Nxd4 16. Bxd4 Bxa4 17. Nxa4 Rb8 18. b3 Qc7 19. Kb1 Rfc8 20. h4 Qc6 21. Nb2 a5 22. Rc1 a4 23. Qa5 Ra8 24. Qb6 Qxb6 25. Bxb6 a3 26. Na4 Nd7 27. Be3 Rcb8 28. Ka2 Ne5 29. Rb1 Nc6 30. c3 Ne5 31. Bd4 Nd3 32. Bxg7 Kxg7 33. Rhd1 Nf2 34. Rd2 1-0


[Site "https://www.chess.com"]

[Event "Early Titled Tuesday Blitz | February 8 2022"]
[White "Jobava, Baadur"]
[Black "Yuan, Qingyu"]
[WhiteFideId "13601520"]
[BlackFideId "8609772"]
[WhiteElo "2617"]
[BlackElo "2359"]
[Result "1-0"]
[Round "05"]
[TimeControl "180+1"]
[Date "2022.02.08"]
[WhiteClock "0:01:18"]
[BlackClock "0:00:01"]

1. e4 c6 2. c4 d5 3. cxd5 cxd5 4. exd5 Nf6 5. Qa4+ Nbd7 6. Nc3 g6 7. Nf3 Bg7 8. Bc4 O-O 9. d3 a6 10. Qa3 b6 11. O-O Bb7 12. Re1 b5 13. Bb3 Re8 14. Be3 Nb6 15. d6 e6 16. Ne5 Bf8 17. Bc5 Nc8 18. Qb4 Nxd6 19. a4 a5 20. Qf4 b4 21. Ne4 Ndxe4 22. Bxf8 Rxf8 23. dxe4 Kg7 24. Rad1 Qe7 25. Qh4 Rfe8 26. h3 Rad8 27. Rxd8 Rxd8 28. Ng4 h5 29. Ne5 Rd4 30. f3 Qc7 31. Qf4 Qc5 32. Kh2 Qd6 33. h4 Ba6 34. Kg3 Qe7 35. Nc6 Qc5 36. Nxd4 Qxd4 37. e5 Qxf4+ 38. Kxf4 Nd7 39. Rc1 Nb8 40. Rc7 Kf8 41. Kg5 Kg7 42. Bxe6 1-0


[Site "https://www.chess.com"]

[Event "Early Titled Tuesday Blitz | February 8 2022"]
[White "Jones, Gawain C B"]
[Black "Navara, David"]
[WhiteFideId "409561"]
[BlackFideId "309095"]
[WhiteElo "2657"]
[BlackElo "2686"]
[Result "1/2-1/2"]
[Round "05"]
[TimeControl "180+1"]
[Date "2022.02.08"]
[WhiteClock "0:01:04"]
[BlackClock "0:00:27"]

1. Nf3 Nf6 2. g3 d5 3. Bg2 c6 4. O-O Bg4 5. h3 Bh5 6. d3 Nbd7 7. c4 e6 8. Qb3 Qb6 9. Qc2 Bd6 10. Be3 Qc7 11. Nc3 O-O 12. Rfc1 Bxf3 13. exf3 a6 14. f4 dxc4 15. dxc4 Bc5 16. Bxc5 Nxc5 17. b4 Ncd7 18. b5 Nc5 19. bxc6 bxc6 20. Na4 Nfd7 21. Nxc5 Nxc5 22. Qc3 Rab8 23. Qa3 Qb6 24. Rab1 Qxb1 25. Rxb1 Rxb1+ 26. Kh2 Nd7 27. Bxc6 Nf6 28. Qxa6 Rb2 29. Kg2 Rd8 30. Qa5 Rc8 31. Bb5 Ne4 32. Kf3 Nd2+ 33. Kg2 Ne4 34. Kf3 Nd2+ 35. Kg2 Ne4 1/2-1/2


[Site "https://www.chess.com"]

[Event "Early Titled Tuesday Blitz | February 8 2022"]
[White "Kalogridis, Antonios"]
[Black "Hua, Lefong"]
[WhiteFideId "25833901"]
[BlackFideId "2602253"]
[WhiteElo "1495"]
[BlackElo "2541"]
[Result "0-1"]
[Round "05"]
[TimeControl "180+1"]
[Date "2022.02.08"]
[WhiteClock "0:01:30"]
[BlackClock "0:01:37"]

1. d4 Nf6 2. c4 g6 3. Nc3 Bg7 4. e4 d6 5. h3 O-O 6. Nf3 c5 7. d5 e6 8. Be2 exd5 9. exd5 Re8 10. O-O Ne4 11. Nxe4 Rxe4 12. Bd3 Re8 13. Qc2 Nd7 14. Bf4 Ne5 15. Nxe5 Bxe5 16. Bxe5 Rxe5 17. Rae1 Qe7 18. Rxe5 Qxe5 19. Qc3 Qxc3 20. bxc3 Bd7 21. Rb1 b6 22. Re1 Kf8 23. f4 Re8 24. Kf2 Rxe1 25. Kxe1 Ke7 26. Kd2 Kd8 27. Ke3 Kc7 28. f5 g5 29. f6 h6 30. Kf3 Kd8 31. Ke3 Ba4 32. Bf5 Bd1 33. Bg4 Bxg4 34. hxg4 Ke8 35. Ke4 Kf8 36. Kf5 Kg8 37. Ke4 Kh8 38. Kf5 Kh7 39. g3 Kg8 40. Ke4 Kh8 41. Kf5 Kh7 42. a3 Kg8 43. Ke4 Kh8 44. Kf5 Kh7 45. a4 Kg8 46. Ke4 Kh8 47. Kf5 Kh7 0-1


[Site "https://www.chess.com"]

[Event "Early Titled Tuesday Blitz | February 8 2022"]
[White "Kamsky, Gata"]
[Black "Sargsyan, Anna M."]
[WhiteFideId "2000024"]
[BlackFideId "13308130"]
[WhiteElo "2645"]
[BlackElo "2271"]
[Result "1-0"]
[Round "05"]
[TimeControl "180+1"]
[Date "2022.02.08"]
[WhiteClock "0:00:12"]
[BlackClock "0:00:08"]

1. e4 e5 2. Nf3 Nc6 3. Bb5 a6 4. Ba4 Nf6 5. O-O Nxe4 6. d4 b5 7. Bb3 d5 8. dxe5 Be6 9. Qe2 Be7 10. Rd1 Nc5 11. Be3 Nxb3 12. cxb3 O-O 13. Nc3 Na5 14. Qd3 c6 15. h3 Rc8 16. Rac1 Qd7 17. Bg5 Nb7 18. Bxe7 Qxe7 19. Qe3 Rfd8 20. Qb6 c5 21. Qxa6 b4 22. Nb5 Ra8 23. Qb6 Rxa2 24. Nc7 Na5 25. Rxc5 Nxb3 26. Nxd5 Bxd5 27. Rcxd5 Rxd5 28. Rxd5 h6 29. Rd8+ Kh7 30. Qb8 Rxb2 31. Rh8+ Kg6 32. Qb6+ f6 33. Nh4+ Kh5 34. Nf3 Nd2 35. g4+ Kg6 36. Nh4+ Kg5 37. Qe3+ Kxh4 38. Rxh6+ 1-0


[Site "https://www.chess.com"]

[Event "Early Titled Tuesday Blitz | February 8 2022"]
[White "Kanyamarala, Tarun"]
[Black "Boros, Denes"]
[WhiteFideId "45004714"]
[BlackFideId "722340"]
[WhiteElo "2144"]
[BlackElo "2464"]
[Result "0-1"]
[Round "05"]
[TimeControl "180+1"]
[Date "2022.02.08"]
[WhiteClock "0:01:06"]
[BlackClock "0:00:47"]

1. d4 d5 2. c4 Nf6 3. cxd5 Nxd5 4. e4 Nb6 5. Nc3 e5 6. Be3 exd4 7. Qxd4 Qxd4 8. Bxd4 Nc6 9. Bb5 Bd7 10. Bxc6 Bxc6 11. f3 O-O-O 12. O-O-O Be7 13. Nge2 Nc4 14. Kc2 f6 15. Nf4 Rd7 16. Nfd5 Bd6 17. b3 Ne5 18. Bxe5 fxe5 19. Ne3 Bc5 20. Nc4 Re7 21. Nd5 Re6 22. Na5 Rg6 23. Rd2 Bxd5 24. Rxd5 Rxg2+ 25. Kb1 Bd4 26. Nc4 c6 27. Rd6 b5 28. Na5 Rb2+ 29. Kc1 Rxa2 30. Rxc6+ Kd7 31. Ra6 Rc8+ 32. Kd1 Ra1+ 33. Ke2 Rxh1 34. Rxa7+ Bxa7 0-1


[Site "https://www.chess.com"]